Map: Frozen Temple

Players

LiquidTLO (TLO) - Winner!

  • Race: Zerg Zerg
  • League: Grandmaster

llllllllllll

  • Race: Terran Terran
  • League: Grandmaster

VOD

Have the link to the VOD?

Description

Time

  • Played on: July 6, 2016, 12:15 p.m.
  • Length: 6:06
Show
View Real Time Build Order
Export as new Build Order

LiquidTLO Zerg - Winner!

Build Orders: Hatch First 

Get SALT Encoding   

  12  0:00  Drone  
  13  0:12  Overlord  
  13  0:17  Drone  
  14  0:31  Drone x2  
  16  0:43  Drone  
  17  0:51  Hatchery  
  17  0:55  Drone  
  17  0:59  Drone  
  17  1:01  Extractor  
  17  1:15  Spawning Pool  
  17  1:17  Drone  
  17  1:21  Drone  
  18  1:30  Drone  
  19  1:39  Overlord  
  19  2:02  Metabolic Boost, Zergling x4, Queen  
  19  2:04  Queen  
  25  2:10  Drone  
  25  2:14  Drone  
  25  2:15  Drone  
  28  2:25  Drone x2  
  30  2:34  Overlord  
  29  2:37  Queen, Drone  
  29  2:41  Extractor  
  32  2:55  Hatchery  
  32  2:56  Drone  
  32  2:58  Drone  
  33  3:00  Zergling x2  
  33  3:02  Zergling x2  
  35  3:08  Drone x2  
  35  3:10  Extractor  
  35  3:12  Drone  
  36  3:13  Zergling x2  
  36  3:16  Zergling x2  
  38  3:20  Drone  
  38  3:22  Drone  
  38  3:23  Drone  
  41  3:31  Drone  
  42  3:34  Baneling Nest  
  42  3:35  Evolution Chamber  
  42  3:36  Zergling x4  
  42  3:41  Drone  
  42  3:43  Drone  
  43  3:49  Overlord  
  43  3:53  Overlord  
  43  3:55  Pneumatized Carapace  
  43  4:00  Overlord  
  43  4:04  Overlord  
  43  4:07  Zergling x2  
  43  4:08  Zergling x2  
  45  4:13  Zergling x2  
  45  4:15  Zergling x4  
  48  4:18  Zergling x2  
  48  4:20  Baneling x3  
  48  4:22  Baneling  
  49  4:26  Zergling x2  
  49  4:27  Zergling x2  
  49  4:28  Zergling x2  
  49  4:30  Zergling x2  
  53  4:32  Zergling x2  
  54  4:43  Zergling x4  
  54  4:44  Zergling x2  
  54  4:45  Zergling x4, Baneling x3  
  58  4:47  Zergling x2  
  58  4:53  Zergling x6  
  59  5:01  Zergling x2  
  59  5:02  Zergling x4  
  59  5:04  Zergling x4  
  59  5:06  Zergling x2  
  65  5:09  Zergling x2  
  65  5:11  Zergling x2  
  65  5:12  Baneling x2  
  67  5:15  Zergling x2  
  67  5:16  Baneling x2  
  67  5:18  Baneling x2  
  67  5:20  Zergling x2  
  67  5:21  Baneling  
  68  5:27  Zergling x4  
  67  5:31  Zergling x2  
  61  5:36  Zergling x2  
  61  5:40  Zergling x2  
  61  5:41  Zergling x2  
  62  5:47  Zergling x2  
  62  5:48  Zergling x2  
  62  5:49  Baneling  
Show
View Real Time Build Order
Export as new Build Order

llllllllllll Terran 

Build Orders: Liberator Opening, Reaper Expand 

Get SALT Encoding   

  12  0:00  SCV  
  13  0:13  SCV  
  14  0:17  Supply Depot  
  14  0:25  SCV  
  15  0:39  SCV  
  15  0:41  Barracks  
  16  0:44  Refinery  
  16  0:51  SCV  
  17  1:03  SCV  
  18  1:15  SCV  
  19  1:28  Orbital Command  
  19  1:29  Reaper  
  20  1:41  Command Center  
  20  1:51  Supply Depot  
  20  1:54  SCV  
  20  2:01  Marine  
  21  2:06  SCV  
  23  2:12  Factory  
  23  2:18  SCV  
  24  2:23  Barracks Reactor  
  24  2:30  SCV  
  25  2:42  SCV  
  25  2:43  Command Center  
  26  2:53  Orbital Command  
  26  2:55  SCV  
  27  3:04  Hellion x2  
  31  3:07  SCV  
  32  3:17  Starport  
  32  3:19  SCV  
  33  3:20  Refinery, SCV  
  34  3:29  Hellion  
  34  3:31  SCV  
  34  3:32  Hellion  
  39  3:37  SCV  
  40  3:43  Supply Depot, SCV  
  40  3:46  Liberator  
  41  3:49  SCV  
  41  3:50  Hellion  
  41  3:53  Hellion  
  41  3:55  SCV  
  47  3:58  Orbital Command  
  47  4:01  SCV  
  51  4:11  Barracks Tech Lab  
  51  4:12  SCV  
  51  4:15  Supply Depot  
  52  4:19  SCV  
  52  4:20  Bunker  
  53  4:27  SCV  
  53  4:29  Barracks x2  
  54  4:33  SCV  
  54  4:36  SCV  
  56  4:39  SCV  
  56  4:42  Marine, Factory Reactor  
  58  4:46  Engineering Bay, SCV  
  58  4:48  SCV  
  58  4:51  Engineering Bay, SCV  
  61  4:58  Refinery, SCV  
  61  4:59  Refinery  
  55  5:00  SCV  
  55  5:03  Marine  
  57  5:08  SCV  
  57  5:12  Supply Depot  
  57  5:13  Starport Reactor  
  58  5:16  SCV  
  58  5:17  Marine  
  58  5:20  SCV  
  61  5:21  Marine  
  61  5:24  Marine  
  61  5:25  SCV  
  65  5:28  SCV  
  65  5:30  Marine x2  
  65  5:32  SCV  
  65  5:35  Marine  
  67  5:38  Hellion, SCV  
  67  5:39  Marine  
  67  5:42  Marine  
  63  5:48  Marine x2, SCV  
Tags
 
Add a new tag
Caveats
  • Supply blocks, unpowered buildings, or Contaminate may cause inaccurate times.
  • Supply counts are checked every 10 seconds.